 Dungeon Crawl Stone Soup version 0.17.1-3-g152610e (webtiles) character file.

11584 Glider the Grappler (level 11, -1/109 HPs)
             Began as a Troll Monk on Mar 4, 2016.
             Was a Follower of Okawaru.
             Slain by a cyan ugly thing (12 damage)
             ... on level 11 of the Dungeon.
             The game lasted 00:44:05 (8757 turns).

Glider the Grappler (Troll Monk)                    Turns: 8757, Time: 00:44:06

Health: -1/109     AC:  6    Str: 21    XL:     11   Next: 51%
Magic:  13/13      EV: 14    Int:  7    God:    Okawaru [*.....]
Gold:   1341       SH:  0    Dex: 14    Spells: 0 memorised, 10 levels left

rFire  . . .     SeeInvis .       - Unarmed
rCold  + . .     Clarity  .     B - +0 robe {rC+}
rNeg   . . .     SustAt   .     (no shield)
rPois  +         Gourm    +     (helmet restricted)
rElec  .         Spirit   .     h - +0 cloak
rCorr  .         Warding  .     (gloves unavailable)
rMut   .         Rnd*Tele +     (boots unavailable)
MR     ++...                    x - amulet of regeneration
Stlth  +.........               D - ring of poison resistance
                                i - +2 ring of evasion

@: confused, very resistant to hostile enchantments, very unstealthy
A: unfitting armour, claws 3, fast metabolism 3, gourmand, magic resistance 2,
regeneration 2, shaggy fur 1, teleportitis 1, tough skin 2, evolution 1
a: Heroism, Renounce Religion


You were on level 11 of the Dungeon.
You worshipped Okawaru.
Okawaru was aware of your devotion.
You were completely stuffed.

You visited 1 branch of the dungeon, and saw 11 of its levels.
You visited the Abyss 1 time.

You collected 2161 gold pieces.
You spent 820 gold pieces at shops.

Inventory:

Hand Weapons
 M - a +2 scimitar of flaming
Missiles
 d - 291 stones (quivered)
 G - 24 arrows of flame
Armour
 h - a +0 cloak (worn)
 A - the +0 robe of Wicag {-Tele rF+ MR+}
   (You acquired it on level 6 of the Dungeon)

   It protects you from fire.
   It affects your resistance to hostile enchantments.
   It prevents most forms of teleportation.
 B - a +0 robe of cold resistance (worn)
Magical Staves
 z - an uncursed staff of fire
 V - an uncursed staff of death
Rods
 J - a +8 lightning rod (11/11)
   (Xom gifted it to you on level 8 of the Dungeon)
Jewellery
 c - an uncursed amulet of resist corrosion
 i - a +2 ring of evasion (left claw)
 u - a +2 ring of intelligence
 x - an amulet of regeneration (around neck)
 D - a ring of poison resistance (right claw)
 I - an uncursed ring of fire
 K - an uncursed amulet of faith
 R - an uncursed ring of wizardry
Wands
 E - a wand of fireball (4)
 N - a wand of random effects (25)
 O - a wand of confusion (10)
 U - a wand of paralysis (13)
Scrolls
 e - 6 scrolls of remove curse
 g - 3 scrolls of recharging {unknown}
 k - 4 scrolls of random uselessness {unknown}
 n - a scroll of amnesia {unknown}
 r - 4 scrolls of teleportation {unknown}
 s - 2 scrolls of blinking
 H - a scroll of immolation {unknown}
Potions
 j - 7 potions of curing
 m - 6 potions of resistance
 o - 4 potions of lignification
 p - 2 potions of haste
 q - 2 potions of heal wounds
 t - 2 potions of cancellation
 v - a potion of berserk rage
 C - a potion of mutation
 P - a potion of might
 S - 2 potions of agility
 T - a potion of brilliance
Books
 y - a book of Party Tricks

   Spells                             Type                      Level
   a - Summon Butterflies             Summoning                    1
   b - Apportation                    Translocation                1
   c - Tukima's Dance                 Hexes                        3
   d - Alistair's Intoxication        Transmutation/Poison         4
   e - Invisibility                   Hexes                        6
 Q - a book of Cantrips

   Spells                             Type                      Level
   a - Corona                         Hexes                        1
   b - Animate Skeleton               Necromancy                   1
   c - Summon Small Mammal            Summoning                    1
   d - Apportation                    Translocation                1
Comestibles
 a - 6 chunks of flesh
 b - 7 bread rations
 f - 10 slices of pizza
 l - 5 meat rations
 F - 2 beef jerkies
 L - 3 royal jellies


   Skills:
 - Level 7.0 Fighting
 + Level 5.6 Dodging
 - Level 1.1 Stealth
 * Level 14.5 Unarmed Combat
 - Level 4.0 Evocations


You had 10 spell levels left.
You didn't know any spells.

Dungeon Overview and Level Annotations

Branches:
Dungeon (11/15)            Temple (0/1) D:6            Lair (0/8) D:8
    Orc: D:9-12

Altars:
Elyvilon
Makhleb
Nemelex Xobeh
Okawaru
Qazlal
Ru
Sif Muna
Xom
The Shining One

Shops:
D:4 *   D:5 *%*[[   D:11 ::!

Annotations:
D:3 Sarmenti's ghost, amateur NaFi
D:7 Sarmenti's ghost, novice NaFi


Innate Abilities, Weirdness & Mutations

You are too large for most types of armour.
You have claws for hands.
Your metabolism is lightning-fast.
You like to eat raw meat.
You heal very quickly.
You are covered in fur (AC +1).
You have very tough skin (AC +2).
You are highly resistant to hostile enchantments.
You are occasionally teleported next to monsters.
You evolve.


Message History

You claw the cyan ugly thing!
The cyan ugly thing is heavily wounded.
The cyan ugly thing kicks you! The cyan ugly thing shocks you!
You closely miss the cyan ugly thing.
The cyan ugly thing is heavily wounded.
The cyan ugly thing kicks you. The cyan ugly thing shocks you!
* * * LOW HITPOINT WARNING * * *
Drink which item? (? for menu, Esc to quit)
You are confused.
You feel invigorated. The cyan ugly thing kicks you.
* * * LOW HITPOINT WARNING * * *
The cyan ugly thing shocks you!
* * * LOW HITPOINT WARNING * * *
You claw the cyan ugly thing!
The cyan ugly thing is severely wounded.
The cyan ugly thing kicks you.
* * * LOW HITPOINT WARNING * * *
The cyan ugly thing shocks you!
You die...
Xom is highly amused!

#......................#
#......................#
#......................#
#......................#
#......................#
##......................#
#.8..∩..8...............#
#.......................#
##..............@u......#
#.########'###########.#
#.................. .#
#.................. .
#..###............# ..
#..# #....#####...# .#
#..# #....# ..# .#
#........... ..
#############


You could see a cyan ugly thing.

Vanquished Creatures
  The ghost of MixedWithMadness the Blocker, a journeyman HuFi of Makhleb (D:10)
  Pikel (D:8)
  2 hill giants (D:11)
  An ugly thing (D:11)
  A manticore (D:11)
  Psyche (D:9)
  2 komodo dragons (D:8)
  3 trolls
  A human (D:7)
  5 yaks (D:10)
  A wyvern (D:7)
  A deep elf mage (D:9)
  A hungry ghost (D:5)
  A steam dragon (D:8)
  Edmund (D:5)
  3 water moccasins
  3 orc warriors
  4 sky beasts
  A necrophage (D:9)
  2 ogres
  A slave (D:8)
  5 phantoms
  3 centaurs
  A crocodile (D:8)
  A big kobold (D:8)
  7 giant frogs
  A wyvern zombie (D:9)
  A wyvern skeleton (D:8)
  2 scorpions
  11 killer bees
  4 crimson imps
  A jelly (D:11)
  12 wights
  3 giant frog skeletons
  A giant frog zombie (D:5)
  2 centaur skeletons
  3 orc priests
  5 hounds
  4 iguanas (D:8)
  4 orc wizards
  7 worker ants
  4 sheep (D:7)
  A hound zombie (D:9)
  A shadow imp (D:8)
  7 adders
  An adder skeleton (D:8)
  An ooze (D:4)
  4 worms
  5 giant geckos
  23 orcs
  5 bats
  5 giant cockroaches
  6 goblins
  9 hobgoblins
  6 jackals
  2 quokkas
  3 ball pythons
  A giant gecko skeleton (D:4)
  6 giant newts
  A jackal skeleton (D:4)
  13 kobolds
  A quokka skeleton (D:4)
  8 rats
228 creatures vanquished.

Vanquished Creatures (collateral kills)
  Erica (D:8)
  Prince Ribbit (D:5)
  A scorpion (D:5)
  A crimson imp (D:5)
  A hound (D:5)
  An adder (D:5)
  2 orcs (D:10)
  A quokka (D:5)
9 creatures vanquished.

Vanquished Creatures (others)
  A sky beast (D:8)
  2 slaves (D:8)
  A big kobold (D:8)
  A giant frog (D:8)
  A worker ant (D:8)
  2 kobolds (D:8)
8 creatures vanquished.

Grand Total: 245 creatures vanquished

Notes
Turn   | Place    | Note
--------------------------------------------------------------
     0 | D:1      | Glider the Troll Monk began the quest for the Orb.
     0 | D:1      | Reached XP level 1. HP: 22/22 MP: 0/0
   270 | D:1      | Reached XP level 2. HP: 29/29 MP: 1/1
   724 | D:1      | Cast into the Abyss (kobold)
   729 | Abyss:1  | Noticed a wizard
   742 | Abyss:1  | Identified a scroll of acquirement
   760 | D:1      | Escaped the Abyss
   881 | D:2      | Reached skill level 5 in Unarmed Combat
   881 | D:2      | Reached XP level 3. HP: 36/36 MP: 2/2
   949 | D:2      | Found a faded altar to an unknown god.
   985 | D:2      | Became a worshipper of The Xom-Meister
  1057 | D:2      | Found a glowing golden altar of the Shining One.
  1275 | D:2      | Found a stormy altar of Qazlal.
  1283 | D:2      | Found a sacrificial altar of Ru.
  1288 | D:2      | Found a deep blue altar of Sif Muna.
  1339 | D:2      | Found a sparkling altar of Nemelex Xobeh.
  1374 | D:2      | XOM: colour smoke trail
  1398 | D:2      | XOM: harmless Trmt miscast
  1501 | D:2      | XOM: god gift: 2 brown potions
  1681 | D:3      | Reached XP level 4. HP: 44/44 MP: 3/3
  2040 | D:3      | XOM: vitrification
  2175 | D:3      | Reached skill level 6 in Unarmed Combat
  2205 | D:3      | Noticed Sarmenti's ghost (amateur NaFi)
  2213 | D:3      | XOM: butterfly on damage
  2220 | D:3      | XOM: divination: detect creatures
  2360 | D:4      | XOM: divination: detect items
  2439 | D:4      | Reached XP level 5. HP: 50/50 MP: 4/4
  2544 | D:4      | Noticed an ogre
  2550 | D:4      | Killed an ogre
  2550 | D:4      | Reached skill level 7 in Unarmed Combat
  2667 | D:4      | Found Voreupha's General Store.
  2675 | D:4      | Bought a scroll of blinking for 75 gold pieces
  2760 | D:4      | Reached XP level 6. HP: 22/59 MP: 5/5
  2893 | D:4      | XOM: god gift: 1490 gold pieces
  3023 | D:5      | Entered Level 5 of the Dungeon
  3029 | D:5      | XOM: summons 3 friendly demons
  3088 | D:5      | Found Lapnupue's General Store.
  3100 | D:5      | Bought a potion of berserk rage for 65 gold pieces
  3100 | D:5      | Bought 2 potions of curing for 78 gold pieces
  3100 | D:5      | Bought a potion of ambrosia for 104 gold pieces
  3100 | D:5      | Bought 2 potions of resistance for 260 gold pieces
  3114 | D:5      | Found Voacwua's General Store.
  3170 | D:5      | XOM: destruction
  3172 | D:5      | Reached skill level 8 in Unarmed Combat
  3176 | D:5      | XOM: polymorph jelly -> scorpion
  3179 | D:5      | Noticed Edmund
  3193 | D:5      | Reached XP level 7. HP: 40/66 MP: 6/6
  3198 | D:5      | Killed Edmund
  3222 | D:5      | Found Yrutah's Antique Armour Boutique.
  3274 | D:5      | Noticed Prince Ribbit
  3285 | D:5      | XOM is BORED!
  3285 | D:5      | XOM: mild Conj miscast
  3285 | D:5      | Killed Prince Ribbit
  3285 | D:5      | Reached skill level 9 in Unarmed Combat
  3310 | D:5      | Found Kioseju's Antique Armour Shop.
  3491 | D:5      | XOM: harmless Fire miscast
  3537 | D:5      | Found Zuedyago's Food Emporium.
  3537 | D:5      | Noticed a hungry ghost
  3545 | D:5      | Killed a hungry ghost
  3545 | D:5      | Reached skill level 10 in Unarmed Combat
  3545 | D:5      | Reached XP level 8. HP: 74/74 MP: 7/7
  3644 | D:6      | XOM: stealth player
  3689 | D:6      | Gained mutation: You are resistant to hostile enchantments. [potion of beneficial mutation]
  3873 | D:6      | Found a staircase to the Ecumenical Temple.
  3893 | D:6      | XOM: harmless Divn miscast
  3955 | D:6      | Got a faintly humming robe
  3966 | D:6      | Identified the +0 robe of Wicag {-Tele rF+ MR+} (You acquired it on level 6 of the Dungeon)
  4067 | D:6      | XOM: silly message
  4124 | D:6      | Found a burning altar of Makhleb.
  4632 | D:7      | Noticed Sarmenti's ghost (novice NaFi)
  4641 | D:7      | XOM: enchant monster (good)
  4642 | D:7      | XOM: harmless Necr miscast
  4647 | D:7      | XOM: summons friendly ufetubus
  4657 | D:7      | XOM: confuse monster(s)
  4800 | D:7      | XOM: confuse monster(s)
  4810 | D:7      | Reached skill level 5 in Fighting
  4810 | D:7      | Reached XP level 9. HP: 86/88 MP: 8/8
  4921 | D:7      | Reached skill level 5 in Dodging
  4936 | D:7      | XOM: divination: magic mapping
  4948 | D:7      | XOM: god gift: 10 arrows of flame
  5106 | D:7      | XOM: vitrification
  5163 | D:7      | XOM is BORED!
  5163 | D:7      | XOM: stat loss: -2 Int (5/7)
  5292 | D:8      | Noticed Pikel
  5303 | D:8      | Killed Pikel
  5337 | D:8      | XOM: 4-stop teleportation journey
  5354 | D:8      | Reached skill level 11 in Unarmed Combat
  5439 | D:8      | Noticed a komodo dragon
  5471 | D:8      | Killed a komodo dragon
  5563 | D:8      | Noticed a komodo dragon
  5564 | D:8      | XOM: 2-stop teleportation journey
  5722 | D:8      | Noticed Erica
  5726 | D:8      | Reached XP level 10. HP: 100/100 MP: 9/9
  5738 | D:8      | Killed Erica
  5738 | D:8      | Reached skill level 12 in Unarmed Combat
  5806 | D:8      | Found a staircase to the Lair.
  5817 | D:8      | Killed a komodo dragon
  6097 | D:8      | XOM: god gift: twisted jewelled rod {god gift}
  6358 | D:9      | Noticed Psyche
  6365 | D:9      | Killed Psyche
  6365 | D:9      | Reached skill level 1 in Evocations
  6383 | D:9      | XOM: vitrification
  6402 | D:9      | Gained mutation: You are occasionally teleported next to monsters. [mutagenic meat]
  6403 | D:9      | Gained mutation: You evolve. [mutagenic meat]
  6404 | D:9      | Gained mutation: You can spit weak poison. [mutagenic meat]
  6405 | D:9      | Gained mutation: You are highly resistant to hostile enchantments. [mutagenic meat]
  6555 | D:9      | Found a white marble altar of Elyvilon.
  6762 | D:9      | XOM: scenery: 1 doors close
  6833 | D:9      | XOM: swap monsters
  6842 | D:9      | XOM: vitrification
  6854 | D:9      | Found an iron altar of Okawaru.
  6947 | D:10     | Entered Level 10 of the Dungeon
  6954 | D:10     | XOM: god gift: papyrus book {god gift}
  6956 | D:10     | Reached skill level 13 in Unarmed Combat
  6963 | D:10     | XOM: polymorph orc -> kobold
  6999 | D:10     | XOM: fog
  7001 | D:10     | XOM: divination: magic mapping
  7017 | D:10     | XOM: confuse monster(s)
  7020 | D:10     | XOM: cast spell 'Cause Fear'
  7036 | D:10     | XOM: summons friendly iron imp
  7078 | D:10     | Noticed MixedWithMadness's ghost (journeyman HuFi)
  7085 | D:10     | XOM: fog
  7090 | D:10     | XOM: destruction
  7105 | D:10     | Killed MixedWithMadness's ghost
  7105 | D:10     | Reached XP level 11. HP: 94/109 MP: 12/12
  7111 | D:10     | XOM: swap monsters
  7208 | D:10     | XOM: divination: detect creatures
  7825 | D:10     | Lost mutation: You can spit weak poison. [evolution]
  7917 | D:11     | Noticed a hill giant
  7928 | D:11     | Killed a hill giant
  7930 | D:11     | Found Keman's Distillery.
  7942 | D:11     | Bought a potion of agility for 68 gold pieces
  7942 | D:11     | Bought a potion of brilliance for 68 gold pieces
  7942 | D:11     | Bought 2 potions of curing for 102 gold pieces
  8059 | D:11     | Reached skill level 14 in Unarmed Combat
  8091 | D:10     | XOM: medium Air miscast
  8166 | D:9      | Fell from the grace of Xom
  8166 | D:9      | Became a worshipper of Warmaster Okawaru
  8334 | D:11     | XOM: confusion
  8441 | D:11     | Found Jeomuota's Book Boutique.
  8526 | D:11     | Noticed a hill giant
  8530 | D:11     | Killed a hill giant
  8644 | D:11     | Reached * piety under Okawaru
  8695 | D:11     | Found Cion's Book Shoppe.
  8757 | D:11     | Slain by a cyan ugly thing

Action                   |  1- 3 |  4- 6 |  7- 9 | 10-12 || total
-------------------------+-------+-------+-------+-------++-------
Melee: Unarmed           |   100 |   127 |   256 |   242 ||   725
Throw: Stone             |       |       |       |     3 ||     3
Evoke: Rod               |       |       |       |    17 ||    17
       Wand              |       |       |       |     6 ||     6
  Use: Scroll            |     5 |     1 |     6 |     4 ||    16
       Potion            |       |       |     1 |     1 ||     2
 Stab: Sleeping          |     4 |     1 |     2 |     1 ||     8
       Distracted        |       |       |     1 |       ||     1
       Confused          |       |       |     3 |     2 ||     5
       Fleeing           |       |       |       |     1 ||     1
  Eat: Chunk             |    17 |    17 |    32 |    34 ||   100
